 Dungeon Crawl Stone Soup version 0.18.1-48-g4cf74bf (webtiles) character file.

58 kosy22 the Ducker (level 3, -2/36 HPs)
             Began as a Troll Fighter on Aug 16, 2016.
             Slain by a gnoll
             ... wielding a +0 halberd
              (11 damage)
             ... on level 2 of the Dungeon.
             The game lasted 00:05:03 (1128 turns).

kosy22 the Ducker (Troll Fighter)                   Turns: 1128, Time: 00:05:04

Health: -2/36      AC:  5    Str: 22 (25) XL:     3   Next: 75%
Magic:  2/2        EV:  8    Int:  1 (4)  God:
Gold:   36         SH:  8    Dex:  7 (9)  Spells: 0 memorised, 2 levels left

rFire  . . .     SeeInvis .     n - -1 dagger (curse)
rCold  . . .     Gourm    +     b - +0 robe
rNeg   . . .     Faith    .     c - +0 shield
rPois  .         Spirit   .     (helmet restricted)
rElec  .         Dismiss  .     (no cloak)
rCorr  .         Reflect  .     (gloves unavailable)
SustAt .         Harm     .     (boots unavailable)
MR     .....                    (no amulet)
Stlth  +.........               (no ring)
                                (no ring)

@: not resistant to hostile enchantments, very unstealthy
A: unfitting armour, claws 3, fast metabolism 3, gourmand, regeneration 2,
shaggy fur 1, tough skin 2
a: no special abilities


You were on level 2 of the Dungeon.
You were not hungry.

You visited 1 branch of the dungeon, and saw 2 of its levels.

You collected 36 gold pieces.

Inventory:

Hand Weapons
 a - a +1 war axe
 n - a cursed -1 dagger (weapon)
Armour
 b - a +0 robe (worn)
 c - a +0 shield (worn)
Scrolls
 k - a scroll of noise
Potions
 d - a potion of might
 h - a potion of degeneration
 l - a potion of lignification
Comestibles
 f - 4 bread rations
 g - a slice of pizza
 i - a meat ration
 j - 2 chunks of flesh


   Skills:
 + Level 2.7 Fighting
 + Level 1.9 Axes
 + Level 3.1 Dodging
 + Level 2.9 Shields


You had 2 spell levels left.
You didn't know any spells.

Dungeon Overview and Level Annotations

Branches:
Dungeon (2/15)

Altars:
Ashenzari


Innate Abilities, Weirdness & Mutations

You are too large for most types of armour.
You have claws for hands.
Your metabolism is lightning-fast.
You like to eat raw meat.
You heal very quickly.
You are covered in fur (AC +1).
You have very tough skin (AC +2).


Message History

The kobold is heavily wounded.
The bat hits you but does no damage. You block the bat's attack.
The kobold closely misses you. The gnoll hits you!
A gnoll comes into view. It is wielding a halberd.
You hit the kobold.
You kill the kobold!
The bat barely misses you. The bat hits you but does no damage.
The gnoll hits you from afar with a halberd!
* * * LOW HITPOINT WARNING * * *
The gnoll barely misses you.
A gnoll comes into view.
The gnoll shouts!
You hit the bat.
The bat is severely wounded.
The bat closely misses you. You block the gnoll's attack.
You barely miss the bat.
The bat is severely wounded.
The bat hits you but does no damage.
The gnoll hits you from afar with a halberd!
You die...

#....##
........##.#####
##..... #.# #..(.#
#.. #.....## #.#
####((## #..
#....# #.###.).(.#
#.. #
####.###.....###.#
#..
#...####...g.....#
#.# #..
#........g....##
#....[.#
#########g....#
#...... #)@.#...#
#......
#.b###............
#...#
#.#...###.....
...>!. ......#
.#... ###....#
...## ....# .##
.##.(


You could see 3 gnolls and a bat.

Vanquished Creatures
  An adder (D:2)
  A worm (D:2)
  2 dart slugs (D:1)
  6 giant geckos
  A ball python (D:1)
  A giant cockroach (D:2)
  2 goblins (D:1)
  5 hobgoblins (D:1)
  A quokka (D:2)
  2 bats (D:1)
  5 giant newts
  5 kobolds
  4 rats (D:1)
36 creatures vanquished.

Notes
Turn   | Place    | Note
--------------------------------------------------------------
     0 | D:1      | kosy22 the Troll Fighter began the quest for the Orb.
     0 | D:1      | Reached XP level 1. HP: 22/22 MP: 0/0
    95 | D:1      | Reached XP level 2. HP: 29/29 MP: 1/1
   211 | D:1      | Found a shattered altar of Ashenzari.
   787 | D:1      | Reached XP level 3. HP: 27/36 MP: 2/2
   959 | D:2      | Reached skill level 3 in Dodging
  1128 | D:2      | Slain by a gnoll

Skill      XL: |  1  2  3 |
---------------+----------+-----
Dodging        | 3 |  3.1
Fighting       | |  2.7
Axes           | |  1.9
Shields        | |  2.9

Action                   || total
-------------------------++-------
Melee: War axe           ||   124
       Dagger            ||    20
  Use: Scroll            ||     3
       Potion            ||     3
  Eat: Chunk             ||    12
Armor: Robe              ||    82
Dodge: Dodged            ||    92
Block: Shield            ||   119
